 Dungeon Crawl Stone Soup version 0.30-a0-313-gae38170b09 (webtiles) character file.

Game seed: 10260120177446925594

6936 glaedl the Cleaver (level 11, -5/98 (99) HPs)
             Began as a Hill Orc Fighter on Oct 27, 2022.
             Slain by Erica
             ... wielding a +0 scimitar of flaming
              (6 damage)
             ... on level 10 of the Dungeon.
             The game lasted 00:25:08 (12698 turns).

glaedl the Cleaver (Hill Orc Fighter)              Turns: 12698, Time: 00:25:10

HP:   -5/98 (99)    AC:  8    Str: 30    XL:     11   Next: 7%
MP:   11/11         EV: 10    Int:  8    God:
Gold: 340           SH:  5    Dex: 10    Spells: 10/10 levels left

rFire   . . .      SeeInvis .    N - +1 battleaxe
rCold   . . .      Faith    .    (shield currently unavailable)
rNeg    . . .      Spirit   .    b - +0 scale mail
rPois   .          Reflect  +    (no helmet)
rElec   .          Harm     .    (no cloak)
rCorr   .          Rampage  .    (no gloves)
Will    +....                    (no boots)
Stlth   ..........               s - amulet of reflection
HPRegen 0.36/turn                j - ring of willpower
MPRegen 0.12/turn                J - +6 ring of strength

@: mighty, lightly drained
A: no striking features
a: no special abilities


You were on level 10 of the Dungeon.
You visited 2 branches of the dungeon, and saw 11 of its levels.
You also visited: Ossuary.

You collected 585 gold pieces.
You spent 245 gold pieces at shops.

Inventory:

Hand Weapons
 N - a +1 battleaxe (weapon)
Missiles
 c - a throwing net
Armour
 b - a +0 scale mail (worn)
 g - a +0 kite shield
 G - +0 steam dragon scales
Jewellery
 j - a ring of willpower (left hand)
 l - a ring of fire
 n - an amulet of magic regeneration
 r - an amulet of faith
 s - an amulet of reflection (around neck)
 J - a +6 ring of strength (right hand)
Wands
 a - a wand of flame (11)
 p - a wand of paralysis (16)
 w - a wand of polymorph (8)
 z - a wand of acid (9)
Scrolls
 f - 3 scrolls of teleportation
 h - 4 scrolls of noise
 m - 2 scrolls of blinking (quivered)
 o - a scroll of amnesia
 q - a scroll of summoning {unknown}
 x - 2 scrolls of silence
 y - a scroll of vulnerability {unknown}
 B - 4 scrolls of immolation
 C - 4 scrolls of enchant armour
 E - a scroll of fog {unknown}
 K - a scroll of torment {unknown}
 L - a scroll of enchant weapon {unknown}
 M - 2 scrolls of magic mapping {unknown}
Potions
 d - 2 potions of brilliance
 e - a potion of cancellation {unknown}
 i - a potion of attraction
 k - 2 potions of curing
 t - a potion of invisibility
 u - a potion of lignification
 v - 3 potions of ambrosia
 A - a potion of mutation {unknown}
 D - 2 potions of resistance
 F - a potion of might
 H - 4 potions of flight


   Skills:
 + Level 9.7 Fighting
 * Level 13.8 Axes
 + Level 8.8 Armour
 - Level 8.8 Shields


You had 10 spell levels left.
You didn't know any spells.
Your spell library contained the following spells:

 Spells                   Type           Power      Damage    Failure   Level
 Freeze                   Ice            0%         1d3       63%         1
 Shock                    Conj/Air       0%         1d3       63%         1
 Blink                    Tloc           0%         N/A       77%         2
 Cigotuvi's Dreadful Rot  Necr/Pois/Air  0%         N/A       77%         2
 Momentum Strike          Conj/Tloc      0%         3d8       77%         2
 Poisonous Vapours        Pois/Air       0%         N/A       77%         2
 Dazzling Flash           Conj/Hex       0%         N/A       94%         3
 Frozen Ramparts          Ice            0%         1d1       94%         3
 Hailstorm                Conj/Ice       0%         3d3       94%         3
 Ignite Poison            Fire/Tmut/Pois 0%         N/A       94%         3
 Inner Flame              Hex/Fire       0%         N/A       94%         3
 Lesser Beckoning         Tloc           0%         N/A       94%         3
 Mephitic Cloud           Conj/Pois/Air  0%         N/A       94%         3
 Flame Wave               Conj/Fire      0%         2d4       100%        4
 Iskenderun's Mystic Bla  Conj/Tloc      0%         2d3       100%        4
 Sticky Flame             Conj/Fire      0%         2d3       100%        4
 Starburst                Conj/Fire      0%         6d3       100%        6


Dungeon Overview and Level Annotations

Branches:
Dungeon (10/15)            Temple (1/1) D:5         Ossuary (visited)
   Lair: D:8-11         Orc: D:9-12

Altars:
Ashenzari
Cheibriados
Dithmenos
Fedhas
Gozag
Hepliaklqana
Kikubaaqudgha
Makhleb
Nemelex Xobeh
Okawaru
Qazlal
Ru
Sif Muna
Trog
Uskayaw
Vehumet
Wu Jian
Xom
Yredelemnul
Zin
The Shining One

Shops:
D:3 ((*??

Annotations:
D:7 2 transporters
D:8 2 runed translucent doors, lesbiats's ghost, novice TrFi
D:9 3 transporters
D:10 Erica


Message History

Erica is heavily wounded.
Erica hits you but does no damage.
You slice Erica!!
Erica is severely wounded.
An acid dragon comes into view.
Erica points at you and mumbles some strange words.
The bolt of poison hits you!!
You are poisoned.
You barely miss Erica.
Erica is severely wounded.
You feel very sick.
Erica drinks a potion.
Erica flickers and vanishes!
Deactivating autopickup; reactivate with Ctrl-A.
You feel sick. Something hits you! Something burns you.
You barely miss something.
You feel sick.
You hear some strange, mumbled words.
Something tries to affect you, but you resist.
You barely miss something.
You feel sick. Something hits you! Something burns you.
You closely miss something.
You hit the acid dragon but do no damage.
You feel sick. The acid dragon bites you. The acid dragon claws you.
Something hits you!
* * * LOW HITPOINT WARNING * * *
Something burns you.
* * * LOW HITPOINT WARNING * * *
You feel better. The acid dragon closely misses you.
The acid dragon claws you but does no damage.
Something hits you.
* * * LOW HITPOINT WARNING * * *
Something burns you.
* * * LOW HITPOINT WARNING * * *
You feel very mighty all of a sudden. The acid dragon spits acid at you.
The splash of acid hits you!
* * * LOW HITPOINT WARNING * * *
Something hits you!
* * * LOW HITPOINT WARNING * * *
Something burns you.
You die...

#.....)).###.## #...
#........##..## #...
##...#........###..#
#>........>...##..#
####.....##......#
###..####.....# ##.#
##....######. #.#
##..........
##{@D?.....
...............
.....?.....#...
...........# ..
.............
....##........ ....
.......... ...
..........


You could see an acid dragon.

Vanquished Creatures
  A two-headed ogre (D:9)
  A wyvern (D:9)
  10 yaks
  A vampire (D:9)
  2 steam dragons (D:7)
  Duvessa (D:6)
  2 water moccasins (D:6)
  An orc warrior (D:5)
  An ice beast (D:7)
  A sky beast (D:8)
  2 ogres
  A phantom (D:5)
  3 bullfrogs
  2 necrophages
  3 gnoll sergeants
  6 kobold brigands
  A scorpion (D:4)
  9 water moccasin zombies (Ossuary)
  10 wights
  Dowan (D:6)
  5 killer bees
  An electric eel (D:6)
  4 howler monkeys
  10 hounds
  3 jellies
  2 gnoll boudas
  2 orc priests (D:5)
  2 iguanas (D:5)
  2 orc wizards (D:5)
  2 mummies (Ossuary)
  26 gnolls
  8 adders
  2 ufetubi
  3 adder zombies (Ossuary)
  3 worms (D:2)
  2 dart slugs
  17 orcs
  7 ball pythons
  6 endoplasms
  3 giant cockroaches
  5 gnoll zombies (Ossuary)
  12 goblins
  7 hobgoblins
  3 jackals (D:4)
  5 quokkas
  14 bats
  4 frilled lizards
  5 hobgoblin zombies (Ossuary)
  23 kobolds
  4 kobold zombies (Ossuary)
  3 orc zombies (Ossuary)
  2 rats
256 creatures vanquished.

Vanquished Creatures (others)
  A wight (D:7)
  An orc (D:7)
  4 kobolds
  7 plants
13 creatures vanquished.

Grand Total: 269 creatures vanquished

Notes
Turn   | Place    | Note
-------+----------+-------------------------------------------
     0 | D:1      | glaedl the Hill Orc Fighter began the quest for the Orb.
     0 | D:1      | Reached XP level 1. HP: 19/19 MP: 1/1
   155 | D:1      | Reached XP level 2. HP: 27/27 MP: 2/2
   160 | D:1      | Reached skill level 3 in Axes
   547 | D:1      | Reached XP level 3. HP: 33/33 MP: 3/3
   730 | D:1      | Found a faded altar of an unknown god.
  1800 | D:2      | Reached XP level 4. HP: 36/40 MP: 4/4
  1805 | D:2      | Reached skill level 4 in Axes
  2222 | D:3      | Found Mautiah's Magic Scroll Emporium.
  2233 | D:3      | Found a blossoming altar of Fedhas.
  2283 | D:3      | Found Puckytaah's Assorted Antiques.
  2298 | D:3      | Bought a scroll of identify for 28 gold pieces
  2298 | D:3      | Bought a scroll of blinking for 105 gold pieces
  2308 | D:3      | Identified the +9 dagger of Wuenn {protect, rElec Str-2
                  | Dex+4}
  2318 | D:3      | Bought a scroll of identify for 56 gold pieces
  2370 | D:3      | Noticed a kobold brigand
  2378 | D:3      | Killed a kobold brigand
  2379 | D:3      | Reached XP level 5. HP: 40/47 MP: 5/5
  2498 | D:3      | Found Xiemi's Magic Scroll Emporium.
  2506 | D:3      | Bought a scroll of identify for 28 gold pieces
  2506 | D:3      | Bought a scroll of identify for 28 gold pieces
  2606 | D:3      | Reached skill level 5 in Axes
  2669 | D:3      | Found Xixzis's Weapon Shop.
  2684 | D:3      | Found Xaassei's Antique Weapon Shop.
  2988 | D:4      | Reached XP level 6. HP: 11/55 MP: 6/6
  3280 | D:4      | Reached skill level 5 in Fighting
  3413 | D:4      | Reached skill level 6 in Axes
  3460 | D:4      | Reached XP level 7. HP: 46/61 MP: 7/7
  4107 | D:4      | Reached skill level 5 in Shields
  4196 | D:5      | Entered Level 5 of the Dungeon
  4202 | D:5      | Reached skill level 5 in Armour
  4249 | D:5      | Reached skill level 7 in Axes
  4543 | D:5      | Reached XP level 8. HP: 70/70 MP: 8/8
  4671 | D:5      | Reached skill level 8 in Axes
  4876 | D:5      | Found a staircase to the Ecumenical Temple.
  4881 | Temple   | Entered the Ecumenical Temple
  5121 | D:5      | Found a sacrificial altar of Ru.
  5130 | D:5      | Found a burning altar of Makhleb.
  5922 | D:6      | Reached skill level 9 in Axes
  6818 | D:6      | Reached XP level 9. HP: 59/79 MP: 9/9
  7423 | D:6      | Noticed Duvessa
  7423 | D:6      | Noticed Dowan
  7428 | D:6      | Killed Dowan
  7431 | D:6      | Killed Duvessa
  7432 | D:6      | Reached skill level 10 in Axes
  8385 | D:7      | Found a transporter.
  8432 | D:7      | Got the Compilation of Noxious Damage Dealing
  8924 | D:8      | Found a sand-covered staircase.
  8971 | Ossuary  | Entered an ossuary
  9059 | Ossuary  | Reached skill level 11 in Axes
  9370 | D:7      | Reached XP level 10. HP: 41/87 MP: 10/10
  9738 | D:8      | You fall into a shaft and drop 1 floor!
 10215 | D:8      | Reached skill level 12 in Axes
 10473 | D:7      | Found a transporter.
 10581 | D:8      | Found a large runed translucent door.
 10582 | D:8      | Found a large runed translucent door.
 10586 | D:8      | Noticed lesbiats's ghost (novice TrFi)
 10677 | D:8      | Found a snail-covered altar of Cheibriados.
 10779 | D:8      | Found a sparkling altar of Nemelex Xobeh.
 11227 | D:9      | Found a transporter.
 11256 | D:9      | Reached skill level 13 in Axes
 11466 | D:9      | Found a transporter.
 12093 | D:9      | Found a transporter.
 12160 | D:9      | Noticed a two-headed ogre
 12169 | D:9      | Killed a two-headed ogre
 12170 | D:9      | Reached XP level 11. HP: 97/97 MP: 11/11
 12220 | D:9      | Found a transporter.
 12395 | D:10     | Entered Level 10 of the Dungeon
 12687 | D:10     | Noticed Erica
 12698 | D:10     | HP: 1/98 [something (12)]
 12698 | D:10     | Slain by Erica

Illustrated notes

Levels and vault maps discovered:
D:1:      shiori_shiawase, layout_loops_corners,
          shapermc_ecumenical_altar_hornbeckon, solitary_fountain
D:2:      minmay_recursive_quarters, layout_basic,
          nicolae_concentric_dashed_squares_mild, kennysheep_generic_room_2
D:3:      wad_crossroads, layout_basic, amcnicky_altar_gilded, serial_shops,
          shop, nicolae_shop_bloodbath_and_beyond, nicolae_shop_waterfront,
          shop, shop, minmay_misc_feat_nine_boxes
D:4:      layout_loops_cross
D:5:      layout_rooms, mainiacjoe_overflow_swirl, dreamdust_princess_bridge
D:6:      dreamdust_elfheim, layout_cave_pods, nicolae_lava_and_water,
          minmay_misc_feat_tower, nicolae_grassy_gnolls
D:7:      gammafunk_cloud_chamber, layout_rooms
D:8:      layout_rooms, lemuel_round_altar, nemelex_altar_shiori,
          ebering_ghost_disaster_area, nicolae_ossuary_entry_false_entrances
D:9:      layout_roguey, fungi_pond_lemuel, nicolae_transporter_intersection
D:10:     gammafunk_corrupted_shrine, layout_layer_cave,
          lemuel_coloured_pillars_altar, erik_lair_orcish_takeover,
          enter_trove_2, uniq_erica, uniq_maurice
Temple:   regret_index_temple_sphere_string

Skill      XL: |  1  2  3  4  5  6  7  8  9 10 |
---------------+-------------------------------+-----
Axes           | 3 4 5 6 7 9 11 13 | 13.8
Fighting       | 4 5 7 8 9 |  9.7
Armour         | 4 5 6 7 8 |  8.8
Shields        | 4 5 6 7 8 |  8.8

Action                   |  1- 3 |  4- 6 |  7- 9 | 10-12 || total
-------------------------+-------+-------+-------+-------++-------
Melee: War axe           |    98 |   112 |   455 |   210 ||   875
       Battleaxe         |       |       |       |    10 ||    10
  Use: Potion            |       |     1 |     6 |     6 ||    13
       Scroll            |       |       |    15 |     4 ||    19
Armor: Scale mail        |    53 |    67 |   115 |    46 ||   281
       Skin              |       |       |       |     6 ||     6
       Steam dragon scal |       |       |       |     3 ||     3
Dodge: Dodged            |    45 |    46 |   157 |    53 ||   301
Block: Buckler           |    29 |    32 |    25 |       ||    86
       Kite shield       |       |       |   196 |   138 ||   334
       Reflection        |       |       |    10 |       ||    10
       Other             |       |       |       |     1 ||     1

Table legend: (Time is in decaauts)
 A = Elapsed time spent in this place.
 B = Non-inter-level travel time spent in this place.
 C = Inter-level travel time spent in this place.
 D = Time resting spent in this place.
 E = Time spent auto-exploring this place.
 F = Levels seen in this place.
 G = Mean time per level.
                   A        B        C        D        E       F      G
               +--------+--------+--------+--------+--------+-----+--------+
         Total |  12803 |  12440 |    363 |   2954 |   7579 |  12 | 1066.9 |
       Dungeon |  12250 |  11955 |    295 |   2954 |   7289 |  10 | 1225.0 |
        Temple |    211 |    143 |     68 |      0 |    128 |   1 |  211.0 |
       Ossuary |    341 |    341 |      0 |      0 |    162 |   1 |  341.0 |
               +--------+--------+--------+--------+--------+-----+--------+

Top non-repeatable levels by time:
     D:6: 2434 daAuts
     D:8: 1629 daAuts
     D:5: 1424 daAuts
     D:9: 1382 daAuts
     D:4: 1306 daAuts
     D:2: 1244 daAuts
     D:1: 1020 daAuts
     D:7: 807 daAuts
     D:3: 699 daAuts
 Ossuary: 341 daAuts
    D:10: 301 daAuts
  Temple: 211 daAuts
